cohdb
Replays
Latest Replays
All Replays
Popular Replays
Top Player Replays
Match Explorer
How It Works
Community
CoH3 Stats
Reddit
Sign in to upload your games and track your stats! →
Sign in with Steam
Match 43599203
Unlisted
Match 43599203
Overview
Messages
Build Orders
End
Construct Weapon Support Center
Scout Squad
M1919 Machine Gun Team
M1919 Machine Gun Team
Scout Squad
Scout Squad
Infantry Support Center
M3 Armored Personnel Carrier
Selects Armored Battlegroup
Selects Veteran Crews
Engineer Squad
M3 Armored Personnel Carrier
Selects M31 Recovery Vehicle
M3 Armored Personnel Carrier
Selects Fast Deploy
M31 Recovery Vehicle
M3 Armored Personnel Carrier
Selects War Machine
ConcernedApe
badiba
Lmao Zedong
Um Lei Tung
0
0
Comments
sign in to comment!
No comments posted yet!